 Dungeon Crawl Stone Soup version 0.22.1-1-ga44c0e56f4 (webtiles) character file.

28 Freyura the Ducker (level 3, -1/31 HPs)
             Began as a Gnoll Gladiator on Oct 28, 2018.
             Slain by an adder (2 damage)
             ... on level 2 of the Dungeon.
             The game lasted 00:01:10 (709 turns).

Freyura the Ducker (Gnoll Gladiator)                 Turns: 709, Time: 00:01:11

Health: -1/31      AC:  4    Str: 16    XL:     3   Next: 14%
Magic:  3/3        EV: 16    Int: 10    God:
Gold:   39         SH:  0    Dex: 17    Spells: 3/3 levels left

rFire    . . .     SeeInvis .   a - +0 quarterstaff
rCold    . . .     Gourm    .   (shield currently unavailable)
rNeg     . . .     Faith    .   b - +0 leather armour
rPois    .         Spirit   .   c - +0 helmet
rElec    .         Reflect  .   (no cloak)
rCorr    .         Harm     .   (no gloves)
MR       .....                  (no boots)
Stlth    ++........             (no amulet)
HPRegen  0.10/turn              (no ring)
MPRegen  0.08/turn              (no ring)

@: lethally poisoned (-1 -> -5)
A: distributed training, fangs 1, strong nose
a: no special abilities


You were on level 2 of the Dungeon.
You were not hungry.

You visited 1 branch of the dungeon, and saw 2 of its levels.

You collected 39 gold pieces.

Inventory:

Hand Weapons
 a - a +0 quarterstaff (weapon)
Missiles
 d - 3 throwing nets (quivered)
Armour
 b - a +0 leather armour (worn)
 c - a +0 helmet (worn)
Scrolls
 e - a scroll of magic mapping {unknown}
 h - 4 scrolls of identify {unknown}
 j - a scroll of remove curse {unknown}
Potions
 g - a potion of might {unknown}
 i - a potion of invisibility {unknown}
Comestibles
 f - 2 rations


   Skills:
 + Level 4.5 Fighting
 + Level 0.6 Short Blades
 + Level 0.6 Long Blades
 + Level 0.6 Axes
 + Level 0.6 Maces & Flails
 + Level 0.6 Polearms
 + Level 6.5 Staves
 + Level 0.6 Slings
 + Level 0.6 Bows
 + Level 0.6 Crossbows
 + Level 4.5 Throwing
 + Level 0.6 Armour
 + Level 6.5 Dodging
 + Level 0.6 Stealth
 + Level 0.6 Shields
 + Level 0.6 Unarmed Combat
 + Level 0.6 Spellcasting
 + Level 0.4 Conjurations
 + Level 0.4 Hexes
 + Level 0.4 Charms
 + Level 0.4 Summonings
 + Level 0.4 Necromancy
 + Level 0.4 Translocations
 + Level 0.4 Transmutations
 + Level 0.4 Fire Magic
 + Level 0.4 Ice Magic
 + Level 0.4 Air Magic
 + Level 0.4 Earth Magic
 + Level 0.4 Poison Magic
 + Level 0.8 Invocations
 + Level 0.6 Evocations


You had 3 spell levels left.
You didn't know any spells.
Your spell library was empty.

Dungeon Overview and Level Annotations

Branches:
Dungeon (2/15)

Altars:


Innate Abilities, Weirdness & Mutations

Your experience applies equally to all skills.
You have very sharp teeth.
Your uncanny sense of smell can sniff out nearby items.


Message History

The adder bites you but does no damage. The adder bites you.
The rat completely misses you. The hobgoblin misses you.
You feel sick. The adder closely misses you.
The rat bites you but does no damage. The hobgoblin completely misses you.
The adder bites you.
You are more poisoned.
The adder poisons you! The rat misses you. The adder bites you.
The hobgoblin barely misses you. The rat misses you. The adder bites you.
* * * LOW HITPOINT WARNING * * *
The hobgoblin misses you. The adder completely misses you. The rat bites you.
* * * LOW HITPOINT WARNING * * *
You feel sick. The adder completely misses you. The hobgoblin misses you.
The rat misses you. The adder completely misses you.
The hobgoblin hits you with a club.
* * * LOW HITPOINT WARNING * * *
The rat misses you. The adder bites you.
* * * LOW HITPOINT WARNING * * *
The hobgoblin completely misses you. The adder bites you.
You die...

... .......... ..#
#......... ..# ..
####......... ..#...
###............ ##..#...
#.............. #......#
#.......# #.# #......#
#.#....Sr.###.###<...[.#
#......@g..............#
#.#####.#.###.###......#
.#####................#
...........(...........#
#.#######.###.###..##+##
#.# #.# #..# #.# #.#
..... #.# #.# ...... #.#
#.# .......


You could see an adder, a hobgoblin and a rat.

Vanquished Creatures
  A dart slug (D:1)
  3 bats (D:1)
  A giant cockroach (D:1)
  2 goblins (D:1)
  3 hobgoblins (D:1)
  3 jackals (D:1)
  7 kobolds (D:1)
  A ball python (D:1)
  A frilled lizard (D:1)
  2 rats (D:1)
24 creatures vanquished.

Notes
Turn   | Place    | Note
-------+----------+-------------------------------------------
     0 | D:1      | Freyura the Gnoll Gladiator began the quest for the Orb.
     0 | D:1      | Reached XP level 1. HP: 20/20 MP: 1/1
   141 | D:1      | Reached XP level 2. HP: 14/26 MP: 2/2
   358 | D:1      | Reached XP level 3. HP: 31/31 MP: 3/3
   708 | D:2      | HP: 1/31 [adder (4)]
   709 | D:2      | Slain by an adder

Action                   || total
-------------------------++-------
Melee: Quarterstaff      ||    57
       Bite              ||     5
 Stab: Sleeping          ||     3
Armor: Leather armour    ||    22
Dodge: Dodged            ||   113
